[Event "Titled Tuesday Blitz June 29 2021"]
[White "Skat2704"]
[Black "Khamrakulov_Djurabek"]
[WhiteElo "2654"]
[BlackElo "2813"]
[Result "1-0"]
[Round "10"]
[TimeControl "180+1"]
[Date "2021.06.29"]
[WhiteClock "0:01:15"]
[BlackClock "0:00:07"]

1. d4 d5 2. Nf3 Nf6 3. c4 e6 4. Nc3 c5 5. cxd5 exd5 6. g3 Nc6 7. Bg2 Be6 8. O-O Be7 9. Bg5 c4 10. Ne5 O-O 11. Nxc6 bxc6 12. b3 Qa5 13. Qd2 cxb3 14. Nxd5 Qd8 15. Nxf6+ gxf6 16. Bh6 bxa2 17. Bxf8 Bxf8 18. d5 cxd5 19. Rxa2 Bc5 20. Rd1 Qb6 21. e3 Rd8 22. Rb2 Qd6 23. Rb7 Bb6 24. Qc2 Rc8 25. Qa4 Qe5 26. Bxd5 Rd8 27. Bxe6 Rxd1+ 28. Qxd1 Qxe6 29. Qh5 Qc4 30. h4 Bxe3 31. fxe3 Qc1+ 32. Kf2 Qc2+ 33. Qe2 1-0


[Site "https://www.chess.com"]

[Event "Titled Tuesday Blitz June 29 2021"]
[White "Sychev_Klementy"]
[Black "Meri-Arabidze"]
[WhiteElo "2819"]
[BlackElo "2649"]
[Result "0-1"]
[Round "10"]
[TimeControl "180+1"]
[Date "2021.06.29"]
[WhiteClock "0:00:57"]
[BlackClock "0:01:13"]

1. g4 e5 2. Bg2 Nc6 3. c4 g6 4. Nc3 Bg7 5. h4 h5 6. g5 d6 7. d3 Nge7 8. e4 Nd4 9. Nce2 Nec6 10. Be3 Bg4 11. f3 Be6 12. Nxd4 Nxd4 13. Ne2 c6 14. Qd2 O-O 15. Nxd4 exd4 16. Bf2 d5 17. b3 dxe4 18. fxe4 Bg4 19. Bg3 f6 20. O-O fxg5 21. hxg5 Qe7 22. b4 Be5 23. Bf4 Bxf4 24. Rxf4 Rxf4 25. Qxf4 Rf8 26. Qd2 Qe5 27. Rf1 Rxf1+ 28. Kxf1 h4 29. c5 h3 30. Bh1 Qg3 31. e5 h2 32. Qf2 Qxd3+ 33. Kg2 Qh3# 0-1


[Site "https://www.chess.com"]

[Event "Titled Tuesday Blitz June 29 2021"]
[White "TheBigBoss04"]
[Black "NikolaGry"]
[WhiteElo "2775"]
[BlackElo "2631"]
[Result "1-0"]
[Round "10"]
[TimeControl "180+1"]
[Date "2021.06.29"]
[WhiteClock "0:01:11"]
[BlackClock "0:00:11"]

1. d4 d5 2. Nc3 Nf6 3. Bf4 e6 4. e3 Bd6 5. Nf3 Bxf4 6. exf4 O-O 7. Ne5 b6 8. Bd3 c5 9. O-O Ba6 10. Qf3 Bxd3 11. Qxd3 Nbd7 12. Nc6 Qc7 13. Ne7+ Kh8 14. Nb5 Qxf4 15. g3 Qh6 16. Nd6 Ng4 17. h4 Qf6 18. Nc6 cxd4 19. Qxd4 Nge5 20. Nxe5 Qxe5 21. Qxe5 Nxe5 22. f4 Nc6 23. c4 d4 24. Rad1 Rad8 25. Ne4 f6 26. Kf2 h6 27. h5 Kg8 28. a3 a5 29. b3 e5 30. fxe5 fxe5+ 31. Ke2 Rxf1 32. Rxf1 Rf8 33. Rxf8+ Kxf8 34. Nd6 Ke7 35. Nc8+ Ke6 36. Nxb6 e4 37. Nd5 Ke5 38. b4 axb4 39. axb4 e3 40. b5 Na5 41. b6 Ke4 42. Nf4 Nb7 43. Nd3 Kf5 44. Kf3 Ke6 45. Ke4 Kd6 46. Kxd4 Kc6 47. c5 e2 48. Ke3 Nxc5 49. Kxe2 Nxd3 50. Kxd3 Kxb6 51. Ke4 Kc7 52. Kf5 Kd7 53. Kg6 1-0


[Site "https://www.chess.com"]

[Event "Titled Tuesday Blitz June 29 2021"]
[White "TrahtarBelarus"]
[Black "Gabrielian_Artur"]
[WhiteElo "2646"]
[BlackElo "2797"]
[Result "0-1"]
[Round "10"]
[TimeControl "180+1"]
[Date "2021.06.29"]
[WhiteClock "0:00:02"]
[BlackClock "0:02:04"]

1. d4 Nf6 2. c4 c5 3. d5 e6 4. Nc3 exd5 5. cxd5 d6 6. Nf3 g6 7. g3 Bg7 8. Bg2 O-O 9. O-O Re8 10. Nd2 Nbd7 11. a4 a6 12. h3 Rb8 13. Nc4 Nb6 14. Na3 Bd7 15. a5 Nc8 16. Nc4 Bb5 17. Qb3 Bxc4 18. Qxc4 Nd7 19. Bd2 Ne5 20. Qa4 b5 21. axb6 Nxb6 22. Qxa6 Nec4 23. Bf4 g5 24. Be3 Nxe3 25. fxe3 Rxe3 26. Bf3 Qe7 27. Kg2 Nd7 28. Qa7 Rxb2 29. Bh5 Bxc3 30. Bxf7+ Kg7 31. Bh5 Rexe2+ 32. Bxe2 Qxe2+ 0-1


[Site "https://www.chess.com"]

[Event "Titled Tuesday Blitz June 29 2021"]
[White "VladDobrov"]
[Black "Aradhya2000"]
[WhiteElo "2796"]
[BlackElo "2697"]
[Result "1/2-1/2"]
[Round "10"]
[TimeControl "180+1"]
[Date "2021.06.29"]
[WhiteClock "0:00:05"]
[BlackClock "0:00:06"]

1. d4 d5 2. c4 c6 3. Nc3 Nf6 4. Nf3 dxc4 5. a4 Bf5 6. Nh4 Bg4 7. h3 Bh5 8. g4 Bg6 9. Nxg6 hxg6 10. e3 e6 11. Bxc4 Bb4 12. Bd2 Nbd7 13. Bf1 e5 14. Bg2 exd4 15. exd4 Qe7+ 16. Kf1 O-O 17. a5 Rad8 18. Qb3 c5 19. g5 cxd4 20. gxf6 Nxf6 21. Nb1 Bc5 22. Qxb7 Rd7 23. Qf3 Rb8 24. b4 Bxb4 25. Qd3 Rc7 26. Bf3 Qe5 27. Kg2 Bxd2 28. Qxd2 d3 29. Ra2 Nd5 30. Re1 Nf4+ 31. Kh1 Qf5 32. Bg4 Qd5+ 33. f3 g5 34. Rb2 Rd8 35. Nc3 Qxa5 36. Ne4 Qxd2 37. Rxd2 f6 38. Nf2 Rc2 39. Red1 Rxd2 40. Rxd2 Kf7 41. Bf5 g6 42. Bxd3 Kg7 43. Rd1 a5 44. Bc2 Rxd1+ 45. Bxd1 f5 46. Kh2 Kf6 47. Ba4 Ke5 48. Kg3 Kd4 49. h4 Ne2+ 50. Kh3 Nf4+ 51. Kg3 Ne2+ 52. Kh2 gxh4 53. Nh3 Ke3 54. Be8 Kxf3 55. Bxg6 Ng3 56. Be8 Ke3 57. Ng5 f4 58. Bc6 Nf5 59. Kh3 Nd4 60. Bd5 f3 61. Kxh4 f2 62. Bc4 a4 63. Kg3 a3 64. Kg2 Ne2 65. Nh3 Ng3 66. Nxf2 Ne4 67. Ng4+ Kd4 68. Bg8 Nc3 69. Kf3 a2 70. Bxa2 Nxa2 1/2-1/2


[Site "https://www.chess.com"]

[Event "Titled Tuesday Blitz June 29 2021"]
[White "dmitrijiIM"]
[Black "JonahWillow"]
[WhiteElo "2620"]
[BlackElo "2712"]
[Result "1-0"]
[Round "10"]
[TimeControl "180+1"]
[Date "2021.06.29"]
[WhiteClock "0:00:49"]
[BlackClock "0:01:12"]

1. e4 c5 2. Nf3 g6 3. d4 cxd4 4. Nxd4 Nc6 5. c4 Nf6 6. Nc3 d6 7. Be2 Nxd4 8. Qxd4 Bg7 9. Be3 O-O 10. O-O Ng4 11. Qd2 Nxe3 12. Qxe3 Be6 13. Rfd1 Qa5 14. Nd5 Bxd5 15. Rxd5 Qc7 16. Rb1 a6 17. b3 Rac8 18. Rbd1 Qc6 19. g3 Rb8 20. a4 Rfc8 21. Bg4 Rc7 22. Be2 Qe8 23. h4 b6 24. h5 Rc5 25. hxg6 hxg6 26. Kg2 Qc8 27. f4 Qe6 28. Bf3 b5 29. Rxc5 dxc5 30. Qxc5 bxc4 31. Qxc4 Rxb3 32. Qxe6 fxe6 33. Rd7 Kf7 34. Ra7 Rb2+ 35. Kh3 Rb3 36. Bg4 Rb4 37. Rxa6 Rxe4 38. a5 e5 39. Be6+ 1-0


[Site "https://www.chess.com"]

[Event "Titled Tuesday Blitz June 29 2021"]
[White "hanzo_hasashi1"]
[Black "Beca95"]
[WhiteElo "2871"]
[BlackElo "2846"]
[Result "1/2-1/2"]
[Round "10"]
[TimeControl "180+1"]
[Date "2021.06.29"]
[WhiteClock "0:00:10"]
[BlackClock "0:00:14"]

1. d4 Nf6 2. c4 c5 3. d5 e6 4. Nc3 exd5 5. cxd5 d6 6. Nf3 g6 7. Nd2 Bg7 8. Nc4 O-O 9. Bf4 Nh5 10. Bxd6 Re8 11. e3 Nd7 12. Bg3 Nb6 13. Nxb6 Qxb6 14. Qb3 Qb4 15. Bc4 Bf5 16. O-O Nxg3 17. hxg3 a6 18. a3 Qxb3 19. Bxb3 b5 20. Rac1 Rad8 21. Rfd1 c4 22. Bc2 Bd7 23. e4 f5 24. d6 Bxc3 25. bxc3 fxe4 26. Rd4 Bc6 27. Kf1 Kf7 28. Ke2 Re5 29. Ke3 Ke6 30. Rcd1 h5 31. R1d2 Bd5 32. Bxe4 Rxd6 33. f3 Rd7 34. Kf2 g5 35. Bg6 Bc6 36. Bxh5 Rxd4 37. Rxd4 Ke7 38. Bg4 Rc5 39. f4 a5 40. Bd1 Bd5 41. Bc2 Bf7 42. Ke3 Ke6 43. f5+ Ke7 44. g4 Re5+ 45. Re4 Kd6 46. Rxe5 Kxe5 47. Be4 Be8 48. g3 Bd7 49. Bf3 Be8 50. Be4 Bd7 51. Bb7 Be8 52. Ba6 Bc6 53. a4 bxa4 54. Bxc4 a3 55. Ba2 Bd5 56. c4 Bf7 57. Kd3 Be8 58. Kc3 Bc6 59. c5 Bf3 60. Be6 Bxg4 61. Kb3 Bxf5 62. Bxf5 Kxf5 63. Kxa3 Ke5 64. Ka4 Kd5 65. Kb5 a4 66. c6 a3 67. c7 a2 68. c8=Q a1=Q 69. Qg8+ Ke4 70. Qxg5 Qe5+ 71. Qxe5+ Kxe5 72. Kc6 Kf5 73. Kd6 Kg4 74. Ke5 Kxg3 1/2-1/2


[Site "https://www.chess.com"]

[Event "Titled Tuesday Blitz June 29 2021"]
[White "kingofthenil"]
[Black "AlexOstrovskiy"]
[WhiteElo "2632"]
[BlackElo "2795"]
[Result "0-1"]
[Round "10"]
[TimeControl "180+1"]
[Date "2021.06.29"]
[WhiteClock "0:00:01"]
[BlackClock "0:00:17"]

1. e4 d5 2. exd5 Nf6 3. c4 e6 4. dxe6 Bxe6 5. d4 Bb4+ 6. Nc3 Ne4 7. Qd3 Bf5 8. Bd2 O-O 9. O-O-O Nxc3 10. Qxf5 Nxd1 11. Bxb4 Qxd4 12. Bxf8 Nxf2 13. Be2 Qe3+ 14. Kb1 Kxf8 15. Qc8+ Ke7 16. Qxc7+ Nd7 17. Nf3 Nxh1 18. Qxb7 Rb8 0-1


[Site "https://www.chess.com"]

[Event "Titled Tuesday Blitz June 29 2021"]
[White "moro182"]
[Black "jcibarra"]
[WhiteElo "2714"]
[BlackElo "2813"]
[Result "1-0"]
[Round "10"]
[TimeControl "180+1"]
[Date "2021.06.29"]
[WhiteClock "0:00:22"]
[BlackClock "0:00:02"]

1. d4 Nf6 2. c4 c5 3. Nf3 cxd4 4. Nxd4 e5 5. Nb5 d5 6. cxd5 Bc5 7. e3 O-O 8. N5c3 e4 9. Be2 Qe7 10. Nd2 Rd8 11. a3 Bf5 12. b4 Bd6 13. Bb2 h6 14. Nc4 Nbd7 15. Nxd6 Qxd6 16. O-O a6 17. Qd4 Re8 18. Rfd1 Ne5 19. Qc5 Qd7 20. d6 Rac8 21. Qd4 Bg4 22. Bxg4 Qxg4 23. Kh1 Qh4 24. h3 Qxf2 25. Rd2 Qh4 26. Nd5 Nfg4 27. d7 Qg3 28. hxg4 f6 29. Ne7+ Kh8 30. Nxc8 Nxg4 31. dxe8=Q+ Kh7 32. Qexe4+ 1-0


[Site "https://www.chess.com"]

[Event "Titled Tuesday Blitz June 29 2021"]
[White "pavel_skatchkov"]
[Black "1977Ivan"]
[WhiteElo "2623"]
[BlackElo "2725"]
[Result "0-1"]
[Round "10"]
[TimeControl "180+1"]
[Date "2021.06.29"]
[WhiteClock "0:00:01"]
[BlackClock "0:00:20"]

1. d4 Nf6 2. c4 e6 3. Nf3 d5 4. g3 Bb4+ 5. Nc3 dxc4 6. Bg2 O-O 7. O-O Nc6 8. a3 Be7 9. e4 Na5 10. Be3 a6 11. Qe2 b5 12. Rad1 Bb7 13. Ne5 Nb3 14. f4 Qc8 15. g4 c5 16. d5 Nd4 17. Qf2 exd5 18. exd5 Nxg4 19. Nxg4 Qxg4 20. h3 Qd7 21. Kh2 f5 22. Bxd4 cxd4 23. Qxd4 Bf6 24. Qb6 Rab8 25. Rfe1 Kh8 26. Qf2 Rbe8 27. Re6 Bc8 28. Rde1 Qf7 29. Rxe8 Rxe8 30. d6 h6 31. Nd5 Rxe1 32. Qxe1 Bxb2 33. Nb6 Be6 34. Bd5 Bxd5 35. d7 Bf6 36. Qe8+ Kh7 37. Nc8 Be6 38. Nd6 Qxd7 0-1


[Site "https://www.chess.com"]

[Event "Titled Tuesday Blitz June 29 2021"]
[White "viditchess"]
[Black "Grischuk"]
[WhiteElo "3075"]
[BlackElo "3078"]
[Result "1-0"]
[Round "10"]
[TimeControl "180+1"]
[Date "2021.06.29"]
[WhiteClock "0:00:20"]
[BlackClock "0:00:05"]

1. d4 Nf6 2. c4 g6 3. Nc3 Bg7 4. Nf3 d6 5. g3 O-O 6. Bg2 Nbd7 7. O-O e5 8. e4 exd4 9. Nxd4 Re8 10. Be3 Nc5 11. f3 c6 12. Qd2 Qc7 13. Rad1 b6 14. Nc2 Nfd7 15. Bh6 Bxh6 16. Qxh6 Bb7 17. Ne3 Rad8 18. b4 Ne6 19. f4 Nef8 20. e5 dxe5 21. f5 e4 22. Nxe4 c5 23. f6 Ne6 24. Nd5 Qe5 25. Rde1 Qh5 26. Ne7+ Kh8 27. Qxh5 gxh5 28. Nd6 1-0


[Site "https://www.chess.com"]

[Event "Titled Tuesday Blitz June 29 2021"]
[White "Aborigen_came"]
[Black "Mikhail_Golubev"]
[WhiteElo "2661"]
[BlackElo "2514"]
[Result "0-1"]
[Round "11"]
[TimeControl "180+1"]
[Date "2021.06.29"]
[WhiteClock "0:00:10"]
[BlackClock "0:00:26"]

1. Nc3 g6 2. e4 Bg7 3. h4 h5 4. Bc4 Nc6 5. Nge2 e5 6. d3 d6 7. Bg5 Bf6 8. Qd2 Be6 9. Nd5 Bxd5 10. Bxd5 Qd7 11. c3 O-O-O 12. b4 Bxg5 13. hxg5 Rh7 14. Bb3 f5 15. b5 Na5 16. Bxg8 Rxg8 17. c4 b6 18. Nc3 Rf8 19. Nd5 fxe4 20. Nf6 Rxf6 21. gxf6 Qf5 22. O-O-O exd3 23. Qxd3 Qxf6 24. Qe4 Qxf2 25. Rxd6 cxd6 26. Qa8+ Kc7 0-1


[Site "https://www.chess.com"]

[Event "Titled Tuesday Blitz June 29 2021"]
[White "AldokhinIvan"]
[Black "Srisshhhtea"]
[WhiteElo "2483"]
[BlackElo "2342"]
[Result "0-1"]
[Round "11"]
[TimeControl "180+1"]
[Date "2021.06.29"]
[WhiteClock "0:00:03"]
[BlackClock "0:00:20"]

1. d4 Nf6 2. c4 c5 3. d5 b5 4. cxb5 a6 5. Nc3 axb5 6. e4 b4 7. Nb5 d6 8. Bf4 g6 9. e5 Nh5 10. exd6 exd6 11. Qe2+ Kd7 12. Be3 Ba6 13. Nf3 Bg7 14. g4 Nf6 15. g5 Nxd5 16. Bh3+ Kc6 17. Nfd4+ Kb7 18. Bg2 cxd4 19. Bxd5+ Nc6 20. Rc1 dxe3 21. Rxc6 exf2+ 22. Kf1 Kb8 23. Kg2 Qxg5+ 24. Kh3 Qh6+ 25. Kg2 Qg5+ 26. Kf1 Qxd5 27. Rb6+ Bb7 28. Qe7 Qxh1+ 29. Kxf2 Qg2+ 30. Ke1 Qg1+ 31. Kd2 Bh6+ 32. Kd3 Qxb6 33. Nxd6 Rd8 34. Kc4 Qxd6 35. Qxf7 Bd5+ 36. Kb5 Qc6+ 37. Kxb4 Ra4# 0-1


[Site "https://www.chess.com"]

[Event "Titled Tuesday Blitz June 29 2021"]
[White "AlejandroPacheco29"]
[Black "BeanScreen"]
[WhiteElo "2417"]
[BlackElo "2648"]
[Result "0-1"]
[Round "11"]
[TimeControl "180+1"]
[Date "2021.06.29"]
[WhiteClock "0:00:08"]
[BlackClock "0:00:24"]

1. e4 e5 2. Nf3 Nc6 3. Bb5 a6 4. Ba4 d6 5. Bxc6+ bxc6 6. d4 exd4 7. Qxd4 c5 8. Qd3 Nf6 9. c4 Be7 10. Nc3 O-O 11. Bf4 Bb7 12. O-O Re8 13. Rfe1 Nd7 14. e5 dxe5 15. Nxe5 Bd6 16. Qf5 Nxe5 17. Bxe5 Qe7 18. f4 Qf8 19. Rad1 Rad8 20. h3 Re6 21. Nd5 Bc8 22. Qc2 f6 23. Bc3 Qf7 24. Qf2 Rde8 25. Rxe6 Bxe6 26. f5 Bc8 27. Qf3 Qd7 28. Bxf6 Qxf5 29. Qxf5 Bxf5 30. Bc3 Bg3 31. Rf1 Be4 32. Nxc7 Bxc7 0-1


[Site "https://www.chess.com"]

[Event "Titled Tuesday Blitz June 29 2021"]
[White "Alexander_Zubov"]
[Black "moro182"]
[WhiteElo "2985"]
[BlackElo "2724"]
[Result "1-0"]
[Round "11"]
[TimeControl "180+1"]
[Date "2021.06.29"]
[WhiteClock "0:00:04"]
[BlackClock "0:00:04"]

1. e4 e5 2. Nf3 Nc6 3. Bb5 a6 4. Ba4 Nf6 5. d3 b5 6. Bb3 Bc5 7. Nc3 d6 8. a4 Rb8 9. axb5 axb5 10. h3 h6 11. Be3 O-O 12. O-O Be6 13. Bxe6 fxe6 14. Bxc5 dxc5 15. g3 Qd6 16. Ra6 b4 17. Na4 Ra8 18. Rxa8 Rxa8 19. b3 Nd7 20. Kg2 Nb6 21. Nb2 Nd4 22. Nd2 Qe7 23. Nbc4 Nxc4 24. Nxc4 Qg5 25. h4 Qf6 26. Ne3 Qg6 27. Rh1 h5 28. Rf1 Rf8 29. f3 Ra8 30. Rf2 Qh6 31. Nc4 Qf6 32. Qc1 Rf8 33. Qg5 Qxg5 34. hxg5 Nc6 35. Kh3 Kh7 36. f4 Kg6 37. Kh4 Rf7 38. Rf1 Rf8 39. Kh3 Rf7 40. Kg2 exf4 41. gxf4 e5 42. f5+ Kxg5 43. Kh3 Kh6 44. Rg1 Rf6 45. Ne3 Ne7 46. Nc4 Nc6 47. Ne3 Ne7 48. Ra1 g6 49. Ra7 gxf5 50. Rxc7 f4 51. Nc4 Ng6 52. Kg2 h4 53. Rxc5 Kg5 54. Nxe5 Nxe5 55. Rxe5+ Kg4 56. Re8 h3+ 57. Kf2 Rg6 58. Rh8 Rc6 59. Rg8+ Kh4 60. Kf3 Rxc2 61. e5 Rc1 62. Kxf4 Rf1+ 63. Ke4 h2 64. Rh8+ Kg3 65. d4 h1=Q+ 66. Rxh1 Rxh1 67. d5 Re1+ 68. Kf5 Rf1+ 69. Kg5 Re1 70. Kf6 Kf4 71. e6 Rd1 72. e7 Rxd5 73. e8=Q Rd3 74. Qe5+ Kf3 75. Qe6 Re3 76. Qd5+ Kf2 77. Qd4 Ke2 78. Qxb4 Rd3 79. Qc4 Kd2 80. Ke5 Rc3 81. Qd5+ Kc2 82. b4 Rb3 83. Qxb3+ Kxb3 84. b5 1-0


[Site "https://www.chess.com"]

[Event "Titled Tuesday Blitz June 29 2021"]
[White "Andrii_Prydun"]
[Black "Darius321"]
[WhiteElo "2525"]
[BlackElo "2372"]
[Result "0-1"]
[Round "11"]
[TimeControl "180+1"]
[Date "2021.06.29"]
[WhiteClock "0:00:17"]
[BlackClock "0:00:11"]

1. d4 d5 2. Nc3 e6 3. e4 c5 4. Nge2 Nc6 5. Be3 dxe4 6. dxc5 Qxd1+ 7. Rxd1 Nb4 8. Rd2 Nf6 9. Nb5 Nbd5 10. b4 a6 11. Nbc3 Nxb4 12. Ng3 Nfd5 13. Ngxe4 Nxe3 14. fxe3 Bd7 15. a3 Nd5 16. Nxd5 exd5 17. Rxd5 O-O-O 18. Bc4 Bc6 19. Rxd8+ Kxd8 20. Nd6 Bxd6 21. cxd6 f6 22. Kf2 Kd7 23. Rd1 Re8 24. Rd4 Re5 25. Bd3 g6 26. Rh4 Rg5 27. Rxh7+ Kxd6 28. g3 Ra5 29. h4 g5 30. h5 Rxa3 31. h6 Bb5 32. Bxb5 axb5 33. Rd7+ Kxd7 34. h7 Ra8 0-1


[Site "https://www.chess.com"]

[Event "Titled Tuesday Blitz June 29 2021"]
[White "AnotherGrumpy"]
[Black "Kotofeyca"]
[WhiteElo "2586"]
[BlackElo "2401"]
[Result "1-0"]
[Round "11"]
[TimeControl "180+1"]
[Date "2021.06.29"]
[WhiteClock "0:00:05"]
[BlackClock "0:00:06"]

1. d4 d5 2. c4 c6 3. Nc3 Nf6 4. Nf3 dxc4 5. a4 Bg4 6. Ne5 Bh5 7. f3 Nfd7 8. Nxc4 e5 9. Be3 f6 10. dxe5 Nxe5 11. Qxd8+ Kxd8 12. O-O-O Kc7 13. Nxe5 fxe5 14. Bf2 Nd7 15. Bg3 Bc5 16. e4 Bf7 17. Kc2 Rhe8 18. Be2 Bd6 19. Rd2 Nc5 20. b4 Nb3 21. Rxd6 Kxd6 22. Rd1+ Kc7 23. f4 Rad8 24. fxe5 Be6 25. Rd6 Nd4+ 26. Kd3 Nxe2 27. Nxe2 Rd7 28. Nd4 Rde7 29. Kc3 g6 30. Bh4 Bc8 31. Bxe7 Rxe7 32. Rf6 Rxe5 33. Rf7+ Kb6 34. Kd3 h5 35. Rg7 g5 36. h3 Be6 37. Ke3 Ba2 38. g3 Bb1 39. Kd2 Rxe4 40. a5+ Ka6 41. Nb3 Rxb4 42. Kc3 Rb5 43. Nd4 Rc5+ 44. Kb4 Rd5 45. Ne6 Bf5 46. Nc7# 1-0


[Site "https://www.chess.com"]

[Event "Titled Tuesday Blitz June 29 2021"]
[White "Artem_0degov"]
[Black "pavel_skatchkov"]
[WhiteElo "2468"]
[BlackElo "2617"]
[Result "1-0"]
[Round "11"]
[TimeControl "180+1"]
[Date "2021.06.29"]
[WhiteClock "0:00:09"]
[BlackClock "0:00:08"]

1. d4 Nf6 2. c4 e6 3. Nf3 d5 4. Nc3 Bb4 5. Bg5 dxc4 6. e4 h6 7. Bxf6 Qxf6 8. Bxc4 c5 9. O-O cxd4 10. e5 Qd8 11. Qxd4 Qxd4 12. Nxd4 Bd7 13. Rac1 Ke7 14. Rfd1 Nc6 15. Nf3 g5 16. Ne4 g4 17. Nf6 Be8 18. Nxg4 h5 19. Ne3 Rg8 20. a3 Ba5 21. Ba2 Bb6 22. Nc4 Bc5 23. b4 Bb6 24. Nd6 Rb8 25. Ne4 h4 26. Nf6 Rg7 27. Nh5 Rg6 28. Nf4 Rg4 29. Rc4 Bd7 30. h3 Rg7 31. Nh5 Rg6 32. Nxh4 Be8 33. Nxg6+ fxg6 34. Nf4 Nxe5 35. Re4 Kf6 36. Rde1 Bc7 37. Nxe6 Bd6 38. Nd4 g5 39. f4 gxf4 40. Rxf4+ Kg7 41. Nf5+ Kg6 42. Nxd6 Kg5 43. Rf5+ 1-0


[Site "https://www.chess.com"]

[Event "Titled Tuesday Blitz June 29 2021"]
[White "AspiazuMarlon2001"]
[Black "Caracternin123"]
[WhiteElo "2444"]
[BlackElo "2599"]
[Result "0-1"]
[Round "11"]
[TimeControl "180+1"]
[Date "2021.06.29"]
[WhiteClock "0:00:03"]
[BlackClock "0:00:21"]

1. c4 e6 2. Nc3 d5 3. cxd5 exd5 4. d4 a6 5. Nf3 Nf6 6. Bg5 Be6 7. e3 Nbd7 8. Bd3 h6 9. Bh4 g5 10. Bg3 Nh5 11. Qc2 Nxg3 12. hxg3 Bg7 13. Bf5 Qf6 14. g4 c6 15. Ne2 Bxf5 16. Qxf5 Qxf5 17. gxf5 g4 18. Nh2 Nf6 19. Nf1 h5 20. g3 Bf8 21. Nf4 Bb4+ 22. Ke2 O-O-O 23. Nd2 Rde8 24. a3 Bd6 25. Ng2 Re7 26. b4 Rg8 27. Nb3 Rg5 28. Nh4 Ne4 29. Nd2 Nf6 30. Kd3 Ne8 31. Nb3 Bc7 32. Rh2 Nd6 33. Rah1 Ne4 34. Ke2 Bxg3 35. fxg3 Nxg3+ 36. Kf2 Nxf5 0-1


[Site "https://www.chess.com"]

[Event "Titled Tuesday Blitz June 29 2021"]
[White "Atousa1"]
[Black "jcibarra"]
[WhiteElo "2516"]
[BlackElo "2803"]
[Result "0-1"]
[Round "11"]
[TimeControl "180+1"]
[Date "2021.06.29"]
[WhiteClock "0:00:07"]
[BlackClock "0:00:08"]

1. e4 c5 2. Nf3 e6 3. d4 cxd4 4. Nxd4 Bc5 5. Nb3 Bb6 6. Nc3 Ne7 7. Bd3 O-O 8. O-O f5 9. exf5 Nxf5 10. Bxf5 Rxf5 11. Be3 d5 12. Bxb6 Qxb6 13. Nd4 Rf6 14. Qd2 Nc6 15. Rad1 Bd7 16. Na4 Qxd4 17. Qxd4 Nxd4 18. Rxd4 e5 19. Rh4 g5 20. Rb4 a5 21. Rb6 Rc6 22. Rxb7 Bf5 23. Nc3 Rd8 24. Rb5 d4 25. Nd5 Kf8 26. Rxa5 Rxc2 27. Nb4 Rc4 28. Rxe5 Bg6 29. Nd5 Rc5 30. Rxg5 Rcxd5 31. Rxd5 Rxd5 32. Rd1 d3 33. Rd2 Rc5 34. f4 Rc2 35. Rd1 Rxb2 36. g4 Be4 37. f5 Rxa2 38. h3 Re2 39. Kf1 Ke7 40. Ra1 Kf6 41. Ra7 h6 42. Ra6+ Kg5 43. Re6 Kf4 44. Rd6 Bg2+ 45. Kg1 d2 46. f6 Kg3 47. Rd3+ Bf3 48. Rxf3+ Kxf3 49. f7 d1=Q# 0-1


[Site "https://www.chess.com"]

[Event "Titled Tuesday Blitz June 29 2021"]
[White "Beca95"]
[Black "ChessWarrior7197"]
[WhiteElo "2847"]
[BlackElo "2973"]
[Result "1-0"]
[Round "11"]
[TimeControl "180+1"]
[Date "2021.06.29"]
[WhiteClock "0:00:06"]
[BlackClock "0:00:01"]

1. e4 c5 2. Nf3 e6 3. d4 cxd4 4. Nxd4 Nf6 5. Nc3 Nc6 6. Ndb5 Bb4 7. a3 Bxc3+ 8. Nxc3 d5 9. exd5 exd5 10. Bd3 O-O 11. O-O Bg4 12. Qd2 d4 13. Ne2 Re8 14. Ng3 Ne5 15. b3 Qd5 16. f3 Nxd3 17. Qxd3 Bd7 18. a4 Rac8 19. Bb2 Nh5 20. c4 Nf4 21. Qxd4 Qxd4+ 22. Bxd4 h5 23. h4 g5 24. Rfe1 f5 25. Bxa7 gxh4 26. Nf1 Kf7 27. Be3 Ne6 28. Kh2 f4 29. Bf2 h3 30. Rad1 Red8 31. Bh4 hxg2 32. Kxg2 Rg8+ 33. Kf2 Bc6 34. Re5 Rce8 35. Rf5+ Kg6 36. Rf6+ Kh7 37. Rd6 Rg6 38. Rxg6 Kxg6 39. a5 Kf5 40. b4 Nf8 41. b5 Bd7 42. Rf6+ Ke5 43. Nd2 Bf5 44. Rf7 Ne6 45. Bf6+ Kd6 46. Nb3 Bd3 47. Rxb7 Bxc4 48. Nd2 Bd3 49. Rb6+ Kd5 50. a6 Nc5 51. Kg1 Re1+ 52. Kh2 Re2+ 53. Kh3 Rxd2 54. a7 Ra2 55. Ra6 Nxa6 56. a8=Q+ Kc4 57. bxa6 Be2 58. Kh4 Ra3 59. Qc6+ Kb4 60. Qd6+ Kb3 61. Qb6+ Ka2 62. a7 Bxf3 63. Qb2# 1-0


[Site "https://www.chess.com"]

[Event "Titled Tuesday Blitz June 29 2021"]
[White "Blitzking642"]
[Black "tsaruk_maks"]
[WhiteElo "2478"]
[BlackElo "2653"]
[Result "0-1"]
[Round "11"]
[TimeControl "180+1"]
[Date "2021.06.29"]
[WhiteClock "0:00:01"]
[BlackClock "0:00:03"]

1. e4 c6 2. c4 d5 3. exd5 cxd5 4. cxd5 Nf6 5. Qa4+ Nbd7 6. Nc3 g6 7. Bc4 Bg7 8. Nf3 O-O 9. d3 Nb6 10. Qb3 Bg4 11. Ne5 Bf5 12. O-O Qd6 13. Re1 Rad8 14. Nb5 Qb8 15. d6 e6 16. h3 a6 17. Nc3 Nxc4 18. dxc4 Qxd6 19. g4 Bd3 20. Bf4 Qd4 21. Bg3 Nd7 22. Nxd3 Qxd3 23. Rad1 Qf3 24. Re3 Qc6 25. Rd6 Qc8 26. Ne4 Ne5 27. Rxd8 Rxd8 28. Nf6+ Bxf6 29. Bxe5 Bxe5 30. Rxe5 Rd4 31. c5 Qd7 32. Qf3 Rd3 33. Re3 Rd1+ 34. Kg2 Rd5 35. Rc3 a5 36. Qf4 Kg7 37. b3 Qc6 38. Rf3 Rd7 39. Qf6+ Kg8 40. h4 Qxc5 41. h5 Qd4 0-1


[Site "https://www.chess.com"]

[Event "Titled Tuesday Blitz June 29 2021"]
[White "CSB7"]
[Black "Moon_stone123"]
[WhiteElo "2607"]
[BlackElo "2404"]
[Result "1-0"]
[Round "11"]
[TimeControl "180+1"]
[Date "2021.06.29"]
[WhiteClock "0:00:01"]
[BlackClock "0:00:17"]

1. e4 c6 2. d4 d5 3. Nc3 dxe4 4. Nxe4 Nf6 5. Nxf6+ exf6 6. c3 Bd6 7. Bd3 O-O 8. Ne2 Re8 9. O-O Nd7 10. Bf4 Nf8 11. Bxd6 Qxd6 12. Ng3 Qf4 13. Qc1 Qd6 14. Qc2 Be6 15. Rfe1 b5 16. Ne4 Qf4 17. Re3 Ng6 18. Rae1 Red8 19. a3 a5 20. Nc5 Bd5 21. Be4 a4 22. Bxd5 Rxd5 23. Qe4 Qg5 24. Rg3 Qd2 25. Qe2 Qf4 26. Nd3 Qh4 27. Nb4 Rd6 28. Rh3 Qf4 29. Re3 h5 30. Qxh5 Rc8 31. g3 Qg5 32. Qxg5 fxg5 33. Re8+ Rxe8 34. Rxe8+ Kh7 35. Rc8 f5 36. Rxc6 Rd7 37. Rc5 f4 38. Rxg5 Re7 39. Kg2 Re2 40. Nd3 Rxb2 41. Nxf4 Rb3 42. Nxg6 Rxc3 43. Ne7 Rxa3 44. Rh5# 1-0


[Site "https://www.chess.com"]

[Event "Titled Tuesday Blitz June 29 2021"]
[White "Carnivoras"]
[Black "Arseniy_Nesterov"]
[WhiteElo "2676"]
[BlackElo "2812"]
[Result "1-0"]
[Round "11"]
[TimeControl "180+1"]
[Date "2021.06.29"]
[WhiteClock "0:00:39"]
[BlackClock "0:00:27"]

1. d4 d5 2. c4 e6 3. Nc3 c5 4. cxd5 exd5 5. Nf3 Nc6 6. e3 Be6 7. Bb5 a6 8. Bxc6+ bxc6 9. O-O Bd6 10. b3 Ne7 11. Ba3 cxd4 12. Bxd6 Qxd6 13. exd4 O-O 14. Na4 Bg4 15. h3 Bh5 16. Qd3 a5 17. Rac1 Bg6 18. Qc3 Rfc8 19. Ne5 f6 20. Nxg6 hxg6 21. Nb6 Rcb8 22. Nxa8 Rxa8 23. Qc5 Qd7 24. Rfe1 Kf7 25. Rc2 g5 26. Rce2 Ng6 27. Re6 Ra6 28. Rd6 Qb7 29. Rd8 a4 30. Qd6 c5 31. Rd7+ Kg8 32. Rxb7 Rxd6 33. dxc5 Rc6 34. b4 d4 35. Rd7 Rc8 36. Rxd4 Ne5 37. Rc1 Nc6 38. Rdc4 Na7 39. c6 Kf7 40. Rc5 Ke6 41. b5 Kd6 42. b6 1-0


[Site "https://www.chess.com"]

[Event "Titled Tuesday Blitz June 29 2021"]
[White "ChristopherYoo"]
[Black "Aradhya2000"]
[WhiteElo "2921"]
[BlackElo "2699"]
[Result "1-0"]
[Round "11"]
[TimeControl "180+1"]
[Date "2021.06.29"]
[WhiteClock "0:01:14"]
[BlackClock "0:01:01"]

1. e4 e5 2. Nf3 Nc6 3. Bb5 a6 4. Ba4 Nf6 5. d4 exd4 6. O-O Be7 7. e5 Ne4 8. Nxd4 Nxd4 9. Qxd4 Nc5 10. Nc3 O-O 11. Bb3 d6 12. Bf4 dxe5 13. Qxe5 Bd6 14. Qd4 Bxf4 15. Qxf4 Nxb3 16. axb3 Be6 17. Rfe1 Qd6 18. Qxd6 cxd6 19. Rad1 Rfd8 20. Rd2 Kf8 21. Ne2 Rac8 22. Nf4 Bf5 23. c3 Re8 24. Rxe8+ Rxe8 25. Kf1 Be6 26. Nxe6+ Rxe6 27. Rd4 Ke7 28. Rb4 b5 29. Rd4 Kd7 30. b4 Kc6 31. f3 d5 32. Kf2 Re8 33. g4 g5 34. Rd2 Kd6 35. Rd1 Kc6 36. Ra1 Kb6 37. h4 h6 38. Rh1 a5 39. hxg5 hxg5 40. Rh6+ Re6 41. Rxe6+ fxe6 42. bxa5+ Kxa5 43. f4 Ka4 44. fxg5 Kb3 45. g6 Kxb2 46. g7 Kxc3 47. g8=Q b4 48. Qxe6 b3 49. Qxd5 b2 50. Qe4 1-0


[Site "https://www.chess.com"]